 Dungeon Crawl Stone Soup version 0.24-a0-416-g56ce5178b7 (webtiles) character file.

Game seed: 14115559140473686444

90 Amnesiac the Skirmisher (level 4, -6/37 HPs)
             Began as a Mummy Monk on June 8, 2019.
             Mangled by a gnoll
             ... wielding a +2 flail of holy wrath
              (13 damage)
             ... on level 2 of the Dungeon.
             The game lasted 00:01:37 (416 turns).

Amnesiac the Skirmisher (Mummy Monk)                 Turns: 416, Time: 00:01:38

Health: -6/37      AC:  6    Str: 15    XL:     4   Next: 32%
Magic:  4/4        EV: 10    Int:  9    God:
Gold:   23         SH:  0    Dex: 14    Spells: 3/3 levels left

rFire    x . .     SeeInvis .     - Unarmed
rCold    + . .     Gourm    .   (no shield)
rNeg     + + +     Faith    .   b - +0 scale mail
rPois    ∞         Spirit   .   (no helmet)
rElec    .         Reflect  .   (no cloak)
rCorr    .         Harm     .   (no gloves)
MR       .....                  (no boots)
Stlth    ..........             (no amulet)
HPRegen  0.12/turn              (no ring)
MPRegen  0.09/turn              (no ring)

@: no status effects
A: no food or potions, fire vulnerability, cold resistance 1, negative energy
resistance 3, torment resistance, unbreathing
a: no special abilities


You were on level 2 of the Dungeon.
You were not hungry.

You visited 1 branch of the dungeon, and saw 4 of its levels.

You collected 23 gold pieces.

Inventory:

Armour
 b - a +0 scale mail (worn)


   Skills:
 + Level 3.8 Fighting
 - Level 2.4 Dodging
 - Level 1.5 Stealth
 * Level 3.7 Unarmed Combat


You had 3 spell levels left.
You didn't know any spells.
Your spell library was empty.

Dungeon Overview and Level Annotations

Branches:
Dungeon (4/15)
 Temple: D:4-7

Altars:
Makhleb

Annotations:
D:2 exclusion: downstairs


Innate Abilities, Weirdness & Mutations

You do not eat or drink.
Your flesh is vulnerable to fire.
You are immune to poison.
Your flesh is cold resistant. (rC+)
You are immune to negative energy. (rN+++)
You are immune to unholy pain and torment.
You can survive without breathing.


Message History

You hit the worker ant but do no damage.
The worker ant is almost dead.
The worker ant barely misses you. x2
You closely miss the worker ant.
The worker ant is almost dead.
The worker ant misses you.
You hit the worker ant.
The worker ant is almost dead.
The worker ant bites you but does no damage.
You closely miss the worker ant.
The worker ant is almost dead.
The worker ant closely misses you.
You closely miss the worker ant.
The worker ant is almost dead.
The worker ant barely misses you.
You closely miss the worker ant.
The worker ant is almost dead.
The worker ant completely misses you.
You hit the worker ant.
You kill the worker ant!
You have reached level 4!
You start resting.
HP restored.
Found an escape hatch in the floor.
An iguana comes into view.
The iguana hisses angrily.
A worker ant comes into view.
Found a burning altar of Makhleb.
There is a stone staircase leading up here.
You climb upwards.
The gnoll barely misses you.
There is a stone staircase leading down here.
The gnoll hits you with a +2 flail of holy wrath.
You convulse.
The gnoll hits you from afar with a +0 spear.
The gnoll hits you but does no damage.
There is a stone staircase leading up here.
The gnoll misses you. The gnoll hits you but does no damage.
You climb upwards.
Level annotation: exclusion: downstairs
There is a stone staircase leading down here.
Your scale mail prevents you from hitting the gnoll.
The gnoll closely misses you.
You barely miss the gnoll. The gnoll barely misses you.
You hit the gnoll.
The gnoll is lightly wounded.
You hit the gnoll.
The gnoll is moderately wounded.
The gnoll barely misses you.
You hit the gnoll.
The gnoll is severely wounded.
The gnoll barely misses you.
You barely miss the gnoll.
The gnoll is severely wounded.
The gnoll hits you with a +2 flail of holy wrath.
You convulse.
* * * LOW HITPOINT WARNING * * *
You hit the gnoll but do no damage.
The gnoll is severely wounded.
You closely miss the gnoll.
The gnoll is severely wounded.
The gnoll hits you with a +2 flail of holy wrath!
* * * LOW HITPOINT WARNING * * *
You convulse!
You die...

#### ######..
.......#######
######.).....#
#.........##....
#@####..#.# #
#g# #..#.# #.#
#..#.#### #.#
#..#.#..##
.#.###.>.......
# #.†........#
..#.####...#..#
...........##.#
#...#####..##.#


You could see a gnoll.

Vanquished Creatures
  A hound (D:4)
  A worker ant (D:4)
  An adder (D:4)
  An adder skeleton (D:4)
  2 dart slugs
  A leopard gecko (D:4)
  An orc (D:4)
  A bat (D:1)
  3 giant cockroaches
  2 jackals (D:4)
  2 kobolds (D:2)
  A leopard gecko skeleton (D:4)
17 creatures vanquished.

Notes
Turn   | Place    | Note
-------+----------+-------------------------------------------
     0 | D:1      | Amnesiac the Mummy Monk began the quest for the Orb.
     0 | D:1      | Reached XP level 1. HP: 18/18 MP: 1/1
    37 | D:2      | Reached XP level 2. HP: 24/24 MP: 2/2
   209 | D:4      | Reached XP level 3. HP: 20/29 MP: 3/3
   312 | D:4      | Reached XP level 4. HP: 22/37 MP: 4/4
   389 | D:4      | Found a burning altar of Makhleb.
   416 | D:2      | Mangled by a gnoll

Levels and vault maps discovered:
D:1:      doesnt_arrival_eight_statues, layout_basic
D:2:      layout_loops_ring, first_ration
D:3:      layout_basic, gammafunk_ghost_mausoleum
D:4:      layout_basic, lemuel_doored_altar, makhleb_heckhound_becter,
          dk_vineyard_2, minmay_tree_intersection

Skill      XL: |  1  2 |
---------------+-------+-----
Unarmed Combat | 3 |  3.7
Fighting       | |  3.8
Dodging        | |  2.4
Stealth        | |  1.5

Action                   |  1- 3 |  4- 6 || total
-------------------------+-------+-------++-------
Melee: Unarmed           |    94 |     8 ||   102
       Punch             |     2 |       ||     2
 Stab: Sleeping          |     2 |       ||     2
Armor: Scale mail        |    27 |     2 ||    29
       Robe              |     2 |       ||     2
Dodge: Dodged            |    48 |     6 ||    54

Table legend:
 A = Non-vault XP
 B = Vault XP
 C = Vault XP percentage of total XP
 D = Non-vault monster count
 E = Vault monster count
 F = Vault count percentage of total count
                 A         B        C        D         E       F
            +---------+---------+-------+---------+---------+-------
      Total |      86 |      43 |  33.3 |      16 |       1 |   5.9
            +---------+---------+-------+---------+---------+-------
        D:1 |       8 |       0 |   0.0 |       3 |       0 |   0.0
        D:2 |       8 |       0 |   0.0 |       4 |       0 |   0.0
        D:4 |      70 |      43 |  38.1 |       9 |       1 |  10.0
            +---------+---------+-------+---------+---------+-------
